 Dungeon Crawl Stone Soup version 0.26-a0-834-g69557b85cc (webtiles) character file.

Game seed: 1620480157487220660

67 kreisler the Vexing (level 4, 0/34 HPs)
             Began as a Gnoll Arcane Marksman on Nov 16, 2020.
             Succumbed to an adder's poison
             ... on level 2 of the Dungeon.
             The game lasted 00:16:29 (2356 turns).

kreisler the Vexing (Gnoll Arcane Marksman)         Turns: 2356, Time: 00:16:30

Health: 0/34       AC:  2    Str: 12 (14) XL:     4   Next: 18%
Magic:  8/8        EV: 14    Int: 14 (15) God:
Gold:   60         SH:  0    Dex: 14 (15) Spells: 7/8 levels left

rFire    . . .     SeeInvis .   c - +0 spear
rCold    . . .     Faith    .   (no shield)
rNeg     . . .     Spirit   .   e - +0 robe
rPois    .         Reflect  .   (no helmet)
rElec    .         Harm     .   (no cloak)
rCorr    .         Rampage  .   (no gloves)
MR       .....                  (no boots)
Stlth    ++........             (no amulet)
HPRegen  0.11/turn              (no ring)
MPRegen  0.11/turn              (no ring)

@: lethally poisoned (0 -> -9)
A: distributed training, fangs 1, strong nose
a: no special abilities


You were on level 2 of the Dungeon.
You visited 1 branch of the dungeon, and saw 2 of its levels.

You collected 60 gold pieces.

Inventory:

Hand Weapons
 a - a +0 shortbow
 c - a +0 spear (weapon)
Missiles
 d - 21 arrows
Armour
 e - a +0 robe (worn)
 g - a +0 pair of boots
 h - a +0 pair of gloves
Scrolls
 f - 5 scrolls of remove curse
 i - a scroll of magic mapping
Potions
 l - a potion of attraction


   Skills:
 + Level 2.7 Fighting
 + Level 1.0 Short Blades
 + Level 1.0 Long Blades
 + Level 1.0 Axes
 + Level 1.0 Maces & Flails
 + Level 1.0 Polearms
 + Level 1.0 Staves
 + Level 1.0 Slings
 + Level 4.6 Bows
 + Level 1.0 Crossbows
 + Level 1.0 Throwing
 + Level 1.0 Armour
 + Level 4.6 Dodging
 + Level 1.0 Stealth
 + Level 1.0 Shields
 + Level 1.0 Unarmed Combat
 + Level 2.9 Spellcasting
 + Level 0.8 Conjurations
 + Level 5.4 Hexes
 + Level 0.8 Summonings
 + Level 0.8 Necromancy
 + Level 0.8 Translocations
 + Level 0.8 Transmutations
 + Level 0.8 Fire Magic
 + Level 0.8 Ice Magic
 + Level 0.8 Air Magic
 + Level 0.8 Earth Magic
 + Level 0.8 Poison Magic
 + Level 1.1 Invocations
 + Level 1.0 Evocations


You had 7 spell levels left.
You knew the following spells:

 Your Spells              Type           Power        Failure   Level
a - Corona                Hex            ###....      2%          1

Your spell library contained the following spells:

 Spells                   Type           Power        Failure   Level
 Slow                     Hex            ###.....     3%          2
 Confusing Touch          Hex            ###.....     7%          3
 Tukima's Dance           Hex            ###.....     7%          3
 Ensorcelled Hibernation  Hex/Ice        ##....       9%          2
 Dazzling Flash           Conj/Hex       ##....       19%         3
 Inner Flame              Hex/Fire       ##......     19%         3
 Portal Projectile        Hex/Tloc       ##....       19%         3
 Cause Fear               Hex            ###.......   22%         4
 Leda's Liquefaction      Hex/Erth       ##........   52%         4


Dungeon Overview and Level Annotations

Branches:
Dungeon (2/15)

Altars:
Dithmenos
Xom


Innate Abilities, Weirdness & Mutations

Your experience applies equally to all skills.
You have very sharp teeth.
Your uncanny sense of smell can sniff out nearby items.


Message History

You feel sick. The adder barely misses you. x2
You barely miss the adder. Your bite misses the adder.
The adder is heavily wounded.
* * * LOW HITPOINT WARNING * * *
You feel sick. The adder barely misses you.
You hit the adder.
The adder is almost dead.
* * * LOW HITPOINT WARNING * * *
You feel sick. The adder bites you but does no damage.
You hit the adder.
You kill the adder!
Your surroundings suddenly seem different.
* * * LOW HITPOINT WARNING * * *
You feel sick.
You feel your strength returning.
* * * LOW HITPOINT WARNING * * *
You feel sick.
* * * LOW HITPOINT WARNING * * *
You feel sick.
You die...

#######.#.#.......(....#
#...............######.#
#.#####.........# #.# ####.###
####'##...# #.# .......#
#8.8#...# #.# .###.#.# #...#.#.#
#.# .# #.#.# #...#.#.# #.# .#
#.#.#####...##### #.# .#
#.#.##8......@8# #.# .#
#.#.##.........# #.#
.###.#.##8.......8### #.##
.......##.........#.## #..#####
####....#.........#..####......#
........#8_......8#..'.......#.#
####....#.8.8.8.8.#..####...##.#
#.#.############.## ##.###.#
#.### #.....## ### #.#


There were no monsters in sight!

Vanquished Creatures
  2 adders (D:2)
  2 worms (D:2)
  A dart slug (D:1)
  2 leopard geckos (D:2)
  2 ball pythons
  7 bats
  3 giant cockroaches
  2 goblins (D:2)
  6 hobgoblins
  2 frilled lizards (D:1)
  5 kobolds
  9 rats
43 creatures vanquished.

Notes
Turn   | Place    | Note
-------+----------+-------------------------------------------
     0 | D:1      | kreisler the Gnoll Arcane Marksman began the quest for the
                  | Orb.
     0 | D:1      | Reached XP level 1. HP: 17/17 MP: 4/4
   251 | D:1      | Reached XP level 2. HP: 17/23 MP: 5/5
   822 | D:1      | Reached XP level 3. HP: 28/28 MP: 5/7
  1233 | D:2      | Found a shadowy altar of Dithmenos.
  1390 | D:2      | Reached skill level 1 in Invocations
  1640 | D:2      | Found an opulent altar of Gozag.
  1642 | D:2      | Found a hide-covered altar of Uskayaw.
  1642 | D:2      | Found a shimmering altar of Xom.
  1644 | D:2      | Found a shimmering altar of Xom.
  1644 | D:2      | Found an iron altar of Okawaru.
  1644 | D:2      | Found a shimmering altar of Xom.
  1973 | D:2      | Reached skill level 1 in Short Blades
  1973 | D:2      | Reached skill level 1 in Long Blades
  1973 | D:2      | Reached skill level 1 in Axes
  1973 | D:2      | Reached skill level 1 in Maces & Flails
  1973 | D:2      | Reached skill level 1 in Polearms
  1973 | D:2      | Reached skill level 1 in Staves
  1973 | D:2      | Reached skill level 1 in Slings
  1973 | D:2      | Reached skill level 1 in Crossbows
  1973 | D:2      | Reached skill level 1 in Throwing
  1973 | D:2      | Reached skill level 1 in Armour
  1973 | D:2      | Reached skill level 1 in Stealth
  1973 | D:2      | Reached skill level 1 in Shields
  1973 | D:2      | Reached skill level 1 in Unarmed Combat
  1973 | D:2      | Reached skill level 1 in Evocations
  2207 | D:2      | Reached XP level 4. HP: 21/34 MP: 5/8
  2355 | D:2      | HP: 1/34 [poisoned by an adder]
  2356 | D:2      | Succumbed to an adder's poison

Illustrated notes

Levels and vault maps discovered:
D:1:      psy_arrival_whirlpool, layout_loops_ring, grunt_decor_clamped,
          minmay_pentomino_v4
D:2:      layout_loops_corners, lemuel_blue_sif_altar, doesnt_xom_only_xom,
          lemuel_round_altar, minmay_tall_x

Skill      XL: |  1  2  3 |
---------------+----------+-----
Invocations    | 1 |  1.1
Short Blades   | 1 |  1.0
Long Blades    | 1 |  1.0
Axes           | 1 |  1.0
Maces & Flails | 1 |  1.0
Polearms       | 1 |  1.0
Staves         | 1 |  1.0
Slings         | 1 |  1.0
Crossbows      | 1 |  1.0
Throwing       | 1 |  1.0
Armour         | 1 |  1.0
Stealth        | 1 |  1.0
Shields        | 1 |  1.0
Unarmed Combat | 1 |  1.0
Evocations     | 1 |  1.0
Fighting       | |  2.7
Bows           | |  4.6
Dodging        | |  4.6
Spellcasting   | |  2.9
Conjurations   | |  0.8
Hexes          | |  5.4
Summonings     | |  0.8
Necromancy     | |  0.8
Translocations | |  0.8
Transmutations | |  0.8
Fire Magic     | |  0.8
Ice Magic      | |  0.8
Air Magic      | |  0.8
Earth Magic    | |  0.8
Poison Magic   | |  0.8

Action                   |  1- 3 |  4- 6 || total
-------------------------+-------+-------++-------
Melee: Spear             |    63 |    18 ||    81
       Shortbow          |     7 |       ||     7
       Bite              |     6 |     2 ||     8
 Fire: Shortbow          |    79 |       ||    79
 Cast: Corona            |    57 |     3 ||    60
  Use: Potion            |     5 |     1 ||     6
       Scroll            |     4 |     1 ||     5
Armor: Robe              |    14 |     1 ||    15
Dodge: Dodged            |    77 |    20 ||    97

Table legend: (Time is in decaauts)
 A = Elapsed time spent in this place.
 B = Non-inter-level travel time spent in this place.
 C = Inter-level travel time spent in this place.
 D = Time resting spent in this place.
 E = Time spent auto-exploring this place.
 F = Levels seen in this place.
 G = Mean time per level.
                   A        B        C        D        E       F      G
               +--------+--------+--------+--------+--------+-----+--------+
         Total |   2384 |   2384 |      0 |      0 |   1503 |   2 | 1192.0 |
       Dungeon |   2384 |   2384 |      0 |      0 |   1503 |   2 | 1192.0 |
               +--------+--------+--------+--------+--------+-----+--------+

Top non-repeatable levels by time:
     D:1: 1195 daAuts
     D:2: 1188 daAuts
